 Dungeon Crawl Stone Soup version 0.23-a0-494-g91793a9 (webtiles) character file.

28 emperorscorpion the Ruffian (level 3, -3/54 HPs)
             Began as a Troll Berserker on Dec 4, 2018.
             Was a Follower of Trog.
             Slain by a hobgoblin
             ... wielding a +0 club
             ... led by Robin
              (4 damage)
             ... on level 2 of the Dungeon.
             The game lasted 00:01:17 (853 turns).

emperorscorpion the Ruffian (Troll Berserker)        Turns: 853, Time: 00:01:17

Health: -3/54      AC:  5    Str: 31    XL:     3   Next: 0%
Magic:  11/11      EV: 10    Int:  3    God:    Trog [*.....]
Gold:   100        SH:  0    Dex:  9    Spells: 2/2 levels left

rFire    . . .     SeeInvis .     - Unarmed
rCold    . . .     Gourm    +   (no shield)
rNeg     . . .     Faith    .   a - +0 animal skin
rPois    .         Spirit   .   (helmet restricted)
rElec    .         Reflect  .   (no cloak)
rCorr    .         Harm     .   (gloves unavailable)
MR       .....                  (boots unavailable)
Stlth    ..........             (no amulet)
HPRegen  0.58/turn              g - ring of magical power
MPRegen  0.12/turn              (no ring)

@: berserking, very quick
A: large, unfitting armour, claws 3, fast metabolism 3, gourmand, regeneration
1, shaggy fur 1, tough skin 2
a: Berserk, Renounce Religion


You were on level 2 of the Dungeon.
You worshipped Trog.
Trog was aware of your devotion.
You were very full.

You visited 1 branch of the dungeon, and saw 2 of its levels.

You collected 100 gold pieces.

Inventory:

Missiles
 e - 18 poisoned needles
Armour
 a - a +0 animal skin (worn)
Jewellery
 g - a ring of magical power (left claw)
Scrolls
 c - 3 scrolls of identify {unknown}
 d - a scroll of teleportation {unknown}
 f - a scroll of fog {unknown}
 h - a scroll of remove curse {unknown}
 j - a scroll of blinking {unknown}
 k - a scroll of immolation {unknown}
Potions
 i - 2 potions of mutation {unknown}
 l - a potion of invisibility {unknown}
 m - a potion of might {unknown}
 n - a potion of lignification {unknown}
 o - a potion of heal wounds {unknown}
Comestibles
 b - 4 rations


   Skills:
 + Level 2.8 Fighting
 + Level 2.6 Dodging
 + Level 3.5 Unarmed Combat


You had 2 spell levels left.
You didn't know any spells.
Your spell library was empty.

Dungeon Overview and Level Annotations

Branches:
Dungeon (2/15)

Altars:
Ashenzari

Annotations:
D:2 Robin


Innate Abilities, Weirdness & Mutations

You are too large for most types of armour.
You have claws for hands.
Your metabolism is lightning-fast.
You like to eat raw meat.
Your natural rate of healing is unusually fast.
You are covered in fur. (AC +1)
You have very tough skin. (AC +2)


Message History

Unknown command.
The bat closely misses you. The hobgoblin hits you with a +0 club.
* * * LOW HITPOINT WARNING * * *
Robin closely misses you.
You see here a +0 club.
You claw Robin!
Robin is severely wounded.
The bat barely misses you. The goblin closely misses you.
You barely miss Robin.
Robin is severely wounded.
The hobgoblin no longer looks unusually strong.
The bat hits you but does no damage. The hobgoblin closely misses you. x2
Robin hits you with a +0 trident.
* * * LOW HITPOINT WARNING * * *
You scratch Robin but do no damage.
Robin is severely wounded.
The bat hits you but does no damage. The goblin hits you with a +0 dagger.
* * * LOW HITPOINT WARNING * * *
The hobgoblin barely misses you. The hobgoblin hits you with a +0 club.
You die...

.. ####..# .. ..
#....####.#
#.######.........
####.#............#
..................#
##.........†.....#
#...........)...+
#...........)g..#
#...........g@g.#
####............bgg#
......................
.....##...........##.#..
###...#####..##### ..
#.#..# ##.# .. #.##....
..# . ##.# ###... . #..#
###....


You could see Robin, 2 hobgoblins, 2 goblins and a bat.

Vanquished Creatures
  4 bats (D:1)
  2 giant cockroaches (D:1)
  6 goblins
  5 hobgoblins
  2 jackals (D:1)
  3 frilled lizards (D:1)
  3 kobolds (D:1)
25 creatures vanquished.

Notes
Turn   | Place    | Note
-------+----------+-------------------------------------------
     0 | D:1      | emperorscorpion the Troll Berserker began the quest for the
                  | Orb.
     0 | D:1      | Reached XP level 1. HP: 22/22 MP: 0/0
    34 | D:1      | Found a shattered altar of Ashenzari.
   138 | D:1      | Reached XP level 2. HP: 29/29 MP: 1/1
   835 | D:2      | Noticed Robin
   849 | D:2      | Reached XP level 3. HP: 17/36 MP: 2/2
   853 | D:2      | HP: 1/54 [goblin/+0 dagger[Robin] (4)]
   853 | D:2      | Slain by a hobgoblin

Vault maps used:
D:1:      wander_arrival_fairy_ring, minmay_hexomino_r4
D:2:      lemuel_doored_altar, chequers_ecumenical_altar_grove,
          serial_bayou_pond_b, minmay_three_crescents, uniq_robin

Action                   || total
-------------------------++-------
Melee: Unarmed           ||    63
Invok: Berserk           ||     1
 Stab: Sleeping          ||     1
  Eat: Chunk             ||    12
Armor: Animal skin       ||    33
Dodge: Dodged            ||    42

Table legend:
 A = Non-vault XP
 B = Vault XP
 C = Vault XP percentage of total XP
 D = Non-vault monster count
 E = Vault monster count
 F = Vault count percentage of total count
                 A         B        C        D         E       F
            +---------+---------+-------+---------+---------+-------
      Total |      25 |      16 |  39.0 |      16 |       9 |  36.0
            +---------+---------+-------+---------+---------+-------
        D:1 |      25 |       3 |  10.7 |      16 |       2 |  11.1
        D:2 |       0 |      13 | 100.0 |       0 |       7 | 100.0
            +---------+---------+-------+---------+---------+-------
